 Dungeon Crawl Stone Soup version 0.31-a0-765-g67fe2935dc (webtiles) character file.

Game seed: 6285713685921974754

28 Newt the Trooper (level 2, -5/24 HPs)
             Began as a Demonspawn Gladiator on Sept 15, 2023.
             Killed by nerve-wracking pain
             ... invoked by Grinder
              (13 damage)
             ... on level 3 of the Dungeon.
             The game lasted 00:00:57 (841 turns).

Newt the Trooper (Demonspawn Gladiator)              Turns: 841, Time: 00:00:58

Health: -5/24      AC: 10    Str: 14    XL:     2   Next: 96%
Magic:  2/2        EV: 12    Int:  9    God:
Gold:   74         SH:  0    Dex: 14    Spells: 1/1 levels left

rFire   . . .        l - +1 mace (protect)
rCold   . . .        (no shield)
rNeg    . . .        b - +0 leather armour
rPois   .            (helmet restricted)
rElec   .            (no cloak)
rCorr   .            (no gloves)
SInv    .            (no boots)
Will    .....        (no amulet)
Stlth   +            (no ring)
HPRegen 0.24/turn    (no ring)
MPRegen 0.08/turn

%: no passive effects
@: under a protective aura
A: horns 1
a: no special abilities


You were on level 3 of the Dungeon.
You visited 1 branch of the dungeon, and saw 3 of its levels.

You collected 74 gold pieces.

Inventory:

Hand Weapons
 a - a +0 rapier
 l - a +1 mace of protection (weapon)
Armour
 b - a +0 leather armour (worn)
 c - a +0 helmet
Scrolls
 f - 2 scrolls of teleportation {unknown}
 h - a scroll of noise {unknown}
 i - a scroll of vulnerability {unknown}
 j - a scroll of identify {unknown}
 k - a scroll of fear {unknown}
 m - a scroll of poison {unknown}


   Skills:
 + Level 3.5 Fighting
 - Level 2.6 Short Blades
 - Level 1.7 Throwing
 - Level 2.6 Dodging


You had one spell level left.
You didn't know any spells.
Your spell library was empty.

Dungeon Overview and Level Annotations

Branches:
Dungeon (3/15)

Altars:

Annotations:
D:3 3 runed translucent doors, Doj's ghost, amateur HOMo; Grinder


Innate Abilities, Weirdness & Mutations

You have a pair of small horns on your head.


Message History

Unknown command.
You start resting.
Grinder is nearby!
Throw: throwing net
Press: ? - help, Shift-Dir - straight line, f/p - Grinder
Aim: Grinder (heavily wounded, 52% to hit)
You throw a throwing net. The throwing net barely misses Grinder.
Okay, then.
Grinder gestures at you. Pain shoots through your body!
* * * LOW HITPOINT WARNING * * *
You feel much better. Grinder gestures at you.
You struggle to resist.
You hit Grinder.
Your weapon exudes an aura of protection.
Grinder is severely wounded.
Grinder closely misses you. x2
You closely miss Grinder.
Grinder is severely wounded.
Grinder hits you but does no damage.
You hit Grinder. You headbutt Grinder, but do no damage.
Grinder is severely wounded.
Grinder blinks!
You hit Grinder.
Grinder is almost dead.
Grinder hits you.
You writhe in agony.
Grinder gestures at you. Pain shoots through your body!
You hit Grinder. You headbutt Grinder, but do no damage.
Grinder is almost dead.
Grinder hits you.
You writhe in agony.
You completely miss Grinder.
Grinder is almost dead.
Grinder hits you but does no damage. Grinder gestures at you.
Pain shoots through your body!
Ouch! That really hurt!
You die...
Grinder says, "Now the real fun starts!"

..####### .........# .
##.......(. .. #..........
#..###..........
..........$(.. #.
#........... .. #
#.5@.......?. ..
#.###.#........# ..
..#$.............. ##
#....$.#.......... ..
###............... ......
## ##...#..........
......>.# #...#..........
#..##..####...##........#
##...#.....#...###......##


You could see Grinder.

Vanquished Creatures
  An adder (D:2)
  A worm (D:2)
  An orc (D:3)
  4 ball pythons
  An endoplasm (D:1)
  A giant cockroach (D:3)
  A goblin (D:1)
  A hobgoblin (D:1)
  2 bats
  A rat (D:1)
14 creatures vanquished.

Notes
Turn   | Place    | Note
-------+----------+-------------------------------------------
     0 | D:1      | Newt the Demonspawn Gladiator began the quest for the Orb.
     0 | D:1      | Reached XP level 1. HP: 16/16 MP: 1/1
   341 | D:1      | Gained mutation: You have a pair of small horns on your
                  | head. [demonic ancestry]
   341 | D:1      | Reached XP level 2. HP: 23/23 MP: 2/2
   604 | D:2      | Reached skill level 3 in Fighting
   755 | D:3      | Found a runed translucent gate.
   755 | D:3      | Noticed Doj's ghost (amateur HOMo)
   756 | D:3      | Found a runed translucent gate.
   758 | D:3      | Found a runed translucent gate.
   810 | D:3      | Noticed Grinder
   815 | D:3      | Paralysed by Grinder for 5 turns
   822 | D:3      | HP: 1/24 [Grinder/nerve-wracking pain (11)]
   841 | D:3      | Killed from afar by Grinder

Illustrated notes

Levels and vault maps discovered:
D:1:      eino_arrival_water_star, layout_loops_ring
D:2:      layout_loops_ring, basic_altar, chequers_ecumenical_altar_lobes
D:3:      layout_rooms, biasface_ghost_orc_armoury, uniq_jessica, uniq_grinder

Skill      XL: |  1  2 |
---------------+-------+-----
Fighting       | 3 |  3.5
Short Blades   | |  2.6
Throwing       | |  1.7
Dodging        | |  2.6

Action                     || total
---------------------------++-------
  Melee: Rapier            ||    43
         Mace              ||    15
         Headbutt          ||     5
         Punch             ||     1
  Throw: Throwing net      ||     3
         Javelin           ||     1
    Use: Potion            ||     2
   Stab: Distracted        ||     1
 Armour: Leather armour    ||    28
  Dodge: Dodged            ||    42

Table legend: (Time is in decaauts)
 A = Elapsed time spent in this place.
 B = Non-inter-level travel time spent in this place.
 C = Inter-level travel time spent in this place.
 D = Time resting spent in this place.
 E = Time spent auto-exploring this place.
 F = Levels seen in this place.
 G = Mean time per level.
                   A        B        C        D        E       F      G
               +--------+--------+--------+--------+--------+-----+--------+
         Total |    848 |    837 |     11 |      4 |    669 |   3 |  282.7 |
       Dungeon |    848 |    837 |     11 |      4 |    669 |   3 |  282.7 |
               +--------+--------+--------+--------+--------+-----+--------+

Top non-repeatable levels by time:
     D:1: 574 daAuts
     D:3: 168 daAuts
     D:2: 105 daAuts
